 Dungeon Crawl Stone Soup version 0.20-a0-927-g1ae2c61 (webtiles) character file.

903 M4edhros the Covert (level 8, -6/48 HPs)
             Began as an Octopode Artificer on Mar 28, 2017.
             Mangled by a centaur (8 damage)
             ... on level 6 of the Dungeon.
             The game lasted 00:05:07 (2775 turns).

M4edhros the Covert (Octopode Artificer)            Turns: 2775, Time: 00:05:08

Health: -6/48      AC:  3    Str:  6    XL:     8   Next: 7%
Magic:  8/13       EV: 13    Int: 14    God:
Gold:   115        SH:  0    Dex: 17    Spells: 10/14 levels left

rFire    + . .     SeeInvis .   w - +2 dagger (venom)
rCold    . . .     Gourm    .   (no shield)
rNeg     . . .     Faith    .   (helmet restricted)
rPois    .         Spirit   .   y - amulet of harm
rElec    .         Reflect  .   u - +2 ring of protection
rCorr    .         Harm     +   x - ring of protection from fire
MR       .....                  C - -5 ring of strength (curse)
Stlth    +++++.....             h - +3 ring of dexterity
Regen    0.2/turn               (no ring)
MPRegen  0.2/turn               (no ring)
                                (no ring)
                                (no ring)

@: very slightly contaminated, drained
A: almost no armour, stealthy swim, amphibious, 8 rings, constrict 8, camouflage
1, gelatinous body 1
a: no special abilities


You were on level 6 of the Dungeon.
You were very hungry.

You visited 1 branch of the dungeon, and saw 6 of its levels.

You collected 115 gold pieces.

Inventory:

Hand Weapons
 a - a +0 short sword
 l - a +0 dagger of flaming
 w - a +2 dagger of venom (weapon)
Missiles
 j - 123 stones (quivered)
 E - 17 sling bullets
Jewellery
 h - a +3 ring of dexterity (on tentacle)
 u - a +2 ring of protection (left tentacle)
 x - a ring of protection from fire (right tentacle)
 y - an amulet of harm (around mantle)
 C - a cursed -5 ring of strength (on tentacle)
Wands
 b - a wand of flame (8/48)
 c - a wand of enslavement (8/24)
 d - a wand of random effects (12/48)
 n - a wand of scattershot (5/9)
 F - a wand of lightning (9/15)
Scrolls
 p - a scroll of fog
 r - 4 scrolls of immolation
Potions
 e - a potion of cancellation {unknown}
 g - 3 potions of haste {unknown}
 k - a potion of flight {unknown}
 m - a potion of curing {unknown}
 q - 2 potions of might {unknown}
 v - a potion of degeneration {unknown}
 z - a potion of agility {unknown}
 A - 2 potions of berserk rage {unknown}
Books
 o - a book of Necromancy

   Spells                             Type                      Level
   a - Pain                           Necromancy                   1
   b - Animate Skeleton               Necromancy                   1
   c - Vampiric Draining              Necromancy                   3
   d - Regeneration                   Charms/Necromancy            3
   e - Animate Dead                   Necromancy                   4
   f - Control Undead                 Necromancy                   4
 s - the Collected Works on Mutagenic Intoxication
   (You found it on level 4 of the Dungeon)

   Spells                             Type                      Level
   a - Sting                          Conjuration/Poison           1
   b - Beastly Appendage              Transmutation                1
   c - Passwall                       Transmutation/Earth          2
   d - Irradiate                      Conjuration/Transmutation    5
   e - Alistair's Intoxication        Transmutation/Poison         5
Comestibles
 f - 2 bread rations
 i - 5 meat rations
 t - 2 royal jellies
 B - a fruit
 D - 2 chunks of flesh


   Skills:
 - Level 1.0(0.5) Fighting
 - Level 1.0(0.5) Short Blades
 - Level 2.0(1.4) Dodging
 + Level 8.5(7.9) Stealth
 + Level 3.8(3.3) Spellcasting
 + Level 1.7(1.1) Charms
 + Level 1.6(1.0) Necromancy
 - Level 4.4(3.8) Poison Magic
 - Level 3.2(2.7) Evocations


You had 10 spell levels left.
You knew the following spells:

 Your Spells              Type           Power        Failure   Level  Hunger
a - Sting                 Conj/Pois      #...         12%         1    #......
b - Regeneration          Chrm/Necr      #.........   47%         3    ###....


Dungeon Overview and Level Annotations

Branches:
Dungeon (6/15)
 Temple: D:4-7

Altars:


Innate Abilities, Weirdness & Mutations

You cannot wear most types of armour.
You are very stealthy in the water. (Stealth+)
You are amphibious.
You can wear up to eight rings at the same time.
You can use your tentacles to constrict eight enemies at once.
Your skin changes colour to match your surroundings (Stealth+).
Your rubbery body absorbs attacks. (AC +1, EV +1)


Message History

Casting: Regeneration
Confirm with . or Enter, or press ? or * to list all spells.
Your skin crawls.
Your skin is crawling a little less now.
You are feeling very hungry.
Your skin stops crawling.
A centaur comes into view.
The centaur shouts!
The centaur hits you!
You hit the centaur but do no damage.
The centaur is poisoned.
The centaur hits you.
* * * LOW HITPOINT WARNING * * *
An adder comes into view.
The adder hisses angrily.
You hit the centaur.
The centaur looks as sick as possible!
The centaur is lightly wounded.
The centaur hits you!
* * * LOW HITPOINT WARNING * * *
The centaur hits you!
You die...

###### .## #....##
...## ####..#
.S...# ####.###
....# #....(..
....## #.......
#...## #.......
#c..### #......#
#@...### #......#
##.....########)##
##.......## #..#
###......# ##.#
###....#####.#
####>......#
#.#####.) #.. #..
#... ##.


You could see a centaur and an adder.

Vanquished Creatures
  Edmund (D:6)
  A necrophage (D:5)
  A centaur (D:5)
  An ogre (D:4)
  A howler monkey (D:5)
  A crimson imp (D:5)
  A bullfrog zombie (D:5)
  2 hounds
  A jelly (D:5)
  3 iguanas
  4 worker ants
  2 hound skeletons
  7 gnolls
  3 adders
  An ooze (D:5)
  An adder zombie (D:6)
  5 dart slugs
  A leopard gecko (D:5)
  7 orcs
  A ball python (D:4)
  2 giant cockroaches
  3 goblins (D:1)
  3 kobolds
  2 quokkas
  2 bats (D:2)
  2 frilled lizards
  A quokka zombie (D:5)
  3 rats
63 creatures vanquished.

Vanquished Creatures (collateral kills)
  A gnoll (D:3)
1 creature vanquished.

Vanquished Creatures (others)
  2 gnolls
2 creatures vanquished.

Grand Total: 66 creatures vanquished

Notes
Turn   | Place    | Note
-------+----------+-------------------------------------------
     0 | D:1      | M4edhros the Octopode Artificer began the quest for the Orb.
     0 | D:1      | Reached XP level 1. HP: 13/13 MP: 3/3
   159 | D:1      | Reached skill level 2 in Stealth
   401 | D:2      | Reached skill level 3 in Stealth
   401 | D:2      | Reached XP level 2. HP: 18/18 MP: 4/4
   405 | D:2      | Reached skill level 4 in Stealth
   405 | D:2      | Reached XP level 3. HP: 20/23 MP: 5/5
   611 | D:2      | Reached skill level 5 in Stealth
   681 | D:3      | Reached XP level 4. HP: 7/28 MP: 6/6
   958 | D:4      | Identified the Collected Works on Mutagenic Intoxication
   962 | D:4      | Learned a level 1 spell: Sting
  1045 | D:4      | Noticed an ogre
  1065 | D:4      | Killed an ogre
  1065 | D:4      | Reached skill level 6 in Stealth
  1065 | D:4      | Reached skill level 1 in Spellcasting
  1065 | D:4      | Reached skill level 1 in Poison Magic
  1065 | D:4      | Reached XP level 5. HP: 22/33 MP: 7/7
  1214 | D:4      | Reached XP level 6. HP: 31/38 MP: 7/9
  1847 | D:5      | Entered Level 5 of the Dungeon
  1902 | D:5      | Reached skill level 7 in Stealth
  2016 | D:5      | Reached XP level 7. HP: 32/43 MP: 11/11
  2365 | D:5      | Learned a level 3 spell: Regeneration
  2437 | D:5      | Reached skill level 8 in Stealth
  2685 | D:6      | Reached skill level 1 in Charms
  2715 | D:6      | Noticed Edmund
  2721 | D:6      | Reached skill level 1 in Necromancy
  2728 | D:6      | Killed Edmund
  2728 | D:6      | Reached XP level 8. HP: 12/48 MP: 13/13
  2775 | D:6      | HP: 2/48 [centaur (9)]
  2775 | D:6      | Mangled by a centaur

Vault maps used:
D:1:      lemuel_arrival_muddy
D:2:      old_standard_altar, first_bread, uniq_terence, uniq_crazy_yiuf_cottage
D:3:      chequers_temple_overflow_statue_of_worship
D:5:      kennysheep_slugbush, minivault_5
D:6:      serial_curves, eino_curves_01, eino_curves_03, eino_curves_03,
          trog_eyes_of_draining, uniq_edmund

Skill      XL: |  1  2  3  4  5  6  7 |
---------------+----------------------+-----
Stealth        | 3 4 5 6 7 8 |  8.5
Spellcasting   | 1 2 3 |  3.8
Poison Magic   | 1 2 3 4 |  4.4
Charms         | 1 |  1.7
Necromancy     | 1 |  1.6
Fighting       | |  1.0
Short Blades   | |  1.0
Dodging        | |  2.0
Evocations     | |  3.2

Action                   |  1- 3 |  4- 6 |  7- 9 || total
-------------------------+-------+-------+-------++-------
Melee: Short sword       |    13 |       |       ||    13
       Constrict         |     6 |    11 |    13 ||    30
       Tentacles         |     6 |    11 |    16 ||    33
       Dagger            |    19 |    46 |    69 ||   134
 Cast: Sting             |       |       |    10 ||    10
       Regeneration      |       |       |     1 ||     1
Evoke: Wand              |     5 |    10 |     2 ||    17
  Use: Scroll            |       |     7 |       ||     7
 Stab: Sleeping          |     8 |     8 |     3 ||    19
       Paralysed         |       |       |     1 ||     1
  Eat: Chunk             |       |     2 |     3 ||     5
Armor: Skin              |       |     4 |     4 ||     8
Dodge: Dodged            |    36 |    30 |    45 ||   111
